 Dungeon Crawl Stone Soup version 0.31-a0-1467-g53b6572822 (webtiles) character file.

Game seed: 2739971460835540187

780 raph the Apothecary (level 7, 0/36 HPs)
             Began as a Deep Elf Alchemist on Dec 28, 2023.
             Was an Initiate of Vehumet.
             Engulfed by a steam dragon's steam (5 damage)
             ... on level 6 of the Dungeon.
             The game lasted 00:10:41 (5227 turns).

raph the Apothecary (Deep Elf Alchemist)            Turns: 5227, Time: 00:10:42

Health: 0/36       AC:  7    Str:  5    XL:     7   Next: 55%
Magic:  13/16      EV: 14    Int: 22    God:    Vehumet [......]
Gold:   199        SH:  0    Dex: 15    Spells: 3/16 levels left

rFire   . . .        v - staff of alchemy
rCold   . . .        (no shield)
rNeg    . . .        a - +0 robe
rPois   +            w - +2 helmet
rElec   .            q - +1 cloak
rCorr   .            (no gloves)
SInv    .            (no boots)
Will    .....        (no amulet)
Stlth   +++          g - ring of poison resistance
HPRegen 0.26/turn    (no ring)
MPRegen 0.15/turn

%: no passive effects
@: no status effects
A: no striking features
a: Renounce Religion


You were on level 6 of the Dungeon.
You worshipped Vehumet.
Vehumet was noncommittal.
You visited 1 branch of the dungeon, and saw 5 of its levels.

You collected 199 gold pieces.

Inventory:

Hand Weapons
 d - a +1 short sword
 u - a +2 dagger of venom
Armour
 a - a +0 robe (worn)
 q - a +1 cloak (worn)
 w - a +2 helmet (worn)
Magical Staves
 v - a staff of alchemy (weapon)
Jewellery
 g - a ring of poison resistance (left hand)
Talismans
 e - a flux talisman
 m - a flux talisman
Wands
 o - a wand of light (9)
Scrolls
 i - 2 scrolls of vulnerability
 p - a scroll of immolation
 s - 2 scrolls of teleportation
 t - 2 scrolls of fog
Potions
 b - a potion of magic
 c - a potion of might
 f - a potion of heal wounds
 h - a potion of degeneration {unknown}
 j - a potion of ambrosia {unknown}
 l - a potion of resistance {unknown}
 n - 5 potions of curing
 r - a potion of lignification
 x - a potion of berserk rage {unknown}


   Skills:
 + Level 4.5 Dodging
 + Level 4.9 Stealth
 + Level 5.0 Spellcasting
 * Level 4.1 Conjurations
 + Level 2.4 Hexes
 * Level 5.9 Alchemy


You had 3 spell levels left.
You knew the following spells:

 Your Spells              Type           Power      Damage    Failure   Level
a - Sting                 Conj/Alch      100%       1d9       1%          1
b - Mercury Vapours       Alch/Air       54%        N/A       4%          2
c - Mephitic Cloud        Conj/Alch/Air  30%        N/A       8%          3
d - Olgreb's Toxic Radia  Alch           47%        N/A       9%          4
e - Dazzling Flash        Conj/Hex       40%        N/A       8%          3

Your spell library contained the following spells:

 Spells                   Type           Power      Damage    Failure   Level
 Slow                     Hex            64%        N/A       3%          1
 Necrotise                Necr           20%        1d5       10%         1
 Confusing Touch          Hex            16%        N/A       11%         3
 Sigil of Binding         Hex            16%        N/A       11%         3
 Call Imp                 Summ           10%        N/A       16%         2
 Sublimation of Blood     Necr           5%         N/A       16%         2
 Vampiric Draining        Necr           5%         2d6       30%         3
 Volatile Blastmotes      Fire/Tloc      10%        2d10      30%         3
 Sticky Flame             Fire/Alch      27%        2d7       30%         4
 Iskenderun's Battlesphe  Conj           23%        2d8       45%         5
 Summon Blazeheart Golem  Fire/Summ      5%         N/A       69%         4
 Bombard                  Conj/Erth      7%         9d2       100%        6
 Starburst                Conj/Fire      7%         6d4       100%        6
 Orb of Destruction       Conj           11%        9d6       100%        7
 Spellforged Servitor     Conj/Summ      7%         N/A       100%        7
 Summon Hydra             Summ           2%         N/A       100%        7
 Maxwell's Capacitive Co  Air            2%         ∞         100%        8


Dungeon Overview and Level Annotations

Branches:
Dungeon (6/15)
 Temple: D:4-7

Altars:
Kikubaaqudgha
Okawaru
Sif Muna
Vehumet

Annotations:
D:6 Menkaure


Message History

The white imp barely misses you.
You barely miss the white imp.
The white imp is heavily wounded.
The white imp picks up a beetle and eats it.
The white imp hits you. The white imp freezes you.
The white imp gestures at you. The puff of frost hits you.
You hit the white imp.
The white imp is heavily wounded.
The white imp barely misses you.
Eustachio gestures wildly while chanting.
Eustachio blinks!
Aiming: Sting (safe; 1% risk of failure)
Press: ? - help, Q - select action, (/) - cycle Shift-Dir - straight line, p - Eustachio You feel a surge of power!
The sting hits Eustachio.
Eustachio looks even sicker.
Eustachio is severely wounded.
The white imp closely misses you.
Aiming: Sting (safe; 1% risk of failure)
Press: ? - help, Q - select action, (/) - cycle Shift-Dir - straight line You feel a surge of power!
The sting hits Eustachio!
Eustachio looks as sick as possible!
Eustachio is almost dead.
You kill Eustachio!
Vehumet accepts your kill.
The white imp disappears in a puff of smoke! x2
A steam dragon comes into view.
Your Spellcasting skill increases to level 5!
Your Conjurations skill increases to level 4!
You hit the sleepcap.
The sleepcap is lightly damaged.
The sleepcap barely misses you. The steam dragon breathes steam at you.
The ball of steam hits you!
* * * LOW HITPOINT WARNING * * *
The sleepcap closely misses you.
You hit the sleepcap.
The sleepcap is lightly damaged.
You are engulfed in a cloud of scalding steam.
You die...

,*,,,,,,****,**#.#,***,*,**,,,,,,
,*,,<,,,,,,,,,,...,,,,,,,,,,,,,,,
,*,,,,,,,,,,***#.#,***,,,,,,*<***
,*,,,,,,,**** #.#,,,,,,,,,,*,*
,*,,,,,,,* #.#****,,,,,**,*
,****,,,,* #§# *,*+****,***
,***,,**** #####.# *,*,* *,...
,*,,,** #...#f# *,*,****,...
*,,*** #.#.#@# *,*,,,,,,... ,,**
#.#.#§#####.******,,M. ***
#.#..§§.....#*****,**# *
#.#.#.####...,,,,*.###
*****#######.###.#..,,,***,*,..#.
,,,,,............D#***,****..,#..
*****#######.###.##**,,,,,,..###.
*****#........#.##.,,,,,,,,....##
,,,,,#.#####...#*..,,,,*,,*......


You could see a sleepcap.

Vanquished Creatures
  Eustachio (D:6)
  Duvessa (D:4)
  An ogre (D:3)
  A bullfrog (D:6)
  Dowan (D:4)
  A bombardier beetle (D:4)
  A hound (D:4)
  Crazy Yiuf (D:3)
  An iguana (D:6)
  An orc wizard (D:6)
  Ijyb (D:3)
  A gnoll (D:4)
  6 adders
  A shadow imp (D:6)
  2 ufetubi (D:6)
  12 orcs
  6 endoplasms
  4 giant cockroaches
  9 goblins
  5 hobgoblins
  8 kobolds
  5 ball pythons
  6 bats
  2 frilled lizards
  12 rats
90 creatures vanquished.

Notes
Turn   | Place    | Note
-------+----------+-------------------------------------------
     0 | D:1      | raph the Deep Elf Alchemist began the quest for the Orb.
     0 | D:1      | Reached XP level 1. HP: 10/10 MP: 6/6
   154 | D:1      | Reached XP level 2. HP: 15/15 MP: 6/8
   293 | D:1      | Learned a level 2 spell: Mercury Vapours
   961 | D:2      | Reached XP level 3. HP: 19/19 MP: 7/9
  1073 | D:2      | Learned a level 3 spell: Mephitic Cloud
  2283 | D:3      | Noticed Ijyb
  2293 | D:3      | Killed Ijyb
  2294 | D:3      | Reached XP level 4. HP: 24/24 MP: 7/11
  2351 | D:3      | Found a runed translucent door.
  2352 | D:3      | Noticed Crazy Yiuf
  2368 | D:3      | Killed Crazy Yiuf
  2752 | D:3      | Noticed an ogre
  2895 | D:3      | Killed an ogre
  2896 | D:3      | Reached XP level 5. HP: 14/28 MP: 1/13
  3786 | D:4      | Reached skill level 5 in Alchemy
  3786 | D:4      | Reached XP level 6. HP: 31/32 MP: 9/14
  3829 | D:4      | Learned a level 4 spell: Olgreb's Toxic Radiance
  3833 | D:4      | Learned a level 3 spell: Dazzling Flash
  3921 | D:4      | Found an iron altar of Okawaru.
  4343 | D:4      | Noticed Dowan
  4345 | D:4      | Noticed Duvessa
  4377 | D:4      | Killed Duvessa
  4378 | D:4      | Reached skill level 1 in Hexes
  4378 | D:4      | Killed Dowan
  4617 | D:4      | Found a radiant altar of Vehumet.
  4621 | D:4      | Became a worshipper of Vehumet
  4624 | D:4      | Found an ancient bone altar of Kikubaaqudgha.
  4625 | D:4      | Found a shimmering blue altar of Sif Muna.
  4632 | D:4      | Got Kikubaaqudgha's Atlas of the Autopsy
  4675 | D:4      | You fall into a shaft and drop 2 floors!
  4678 | D:6      | Noticed a sky beast
  4724 | D:6      | Reached XP level 7. HP: 28/36 MP: 10/16
  4768 | D:6      | Noticed Menkaure
  5211 | D:6      | Noticed Eustachio
  5225 | D:6      | Killed Eustachio
  5225 | D:6      | Noticed a steam dragon
  5226 | D:6      | Reached skill level 5 in Spellcasting
  5227 | D:6      | Engulfed by a steam dragon's steam

Illustrated notes

Levels and vault maps discovered:
D:1:      dpeg_arrival_erosion, layout_rooms, minmay_misc_feat_cross,
          minmay_rat_gold_closets
D:2:      layout_basic
D:3:      layout_loops_ring, uniq_ijyb, uniq_crazy_yiuf_cottage
D:4:      layout_rooms, grunt_temple_overflow_magic_moments,
          mainiacjoe_overflow_concentric_impassable, uniq_duvessa
D:6:      hellmonk_ruined_rings, layout_basic, minmay_three_doors,
          uniq_menkaure, uniq_eustachio

Skill      XL: |  1  2  3  4  5  6  7 |
---------------+----------------------+-----
Stealth        | 3 4 |  4.9
Dodging        | 3 4 |  4.5
Alchemy        | 4 5 |  5.9
Conjurations   | 2 3 4 |  4.1
Spellcasting   | 4 5 |  5.0
Hexes          | 1 2 |  2.4

Action                     |  1- 3 |  4- 6 |  7- 9 || total
---------------------------+-------+-------+-------++-------
  Melee: Short sword       |    17 |     6 |       ||    23
         Staff             |       |       |    12 ||    12
   Cast: Sting             |    59 |    72 |    22 ||   153
         Mercury Vapours   |     5 |     8 |     1 ||    14
         Mephitic Cloud    |       |     6 |     2 ||     8
    Use: Scroll            |     9 |     5 |     1 ||    15
         Potion            |       |       |     1 ||     1
 Armour: Robe              |    15 |    18 |    30 ||    63
  Dodge: Dodged            |    18 |    24 |    27 ||    69

Table legend: (Time is in decaauts)
 A = Elapsed time spent in this place.
 B = Non-inter-level travel time spent in this place.
 C = Inter-level travel time spent in this place.
 D = Time resting spent in this place.
 E = Time spent auto-exploring this place.
 F = Levels seen in this place.
 G = Mean time per level.
                   A        B        C        D        E       F      G
               +--------+--------+--------+--------+--------+-----+--------+
         Total |   5227 |   5106 |    121 |   2454 |   1685 |   5 | 1045.4 |
       Dungeon |   5227 |   5106 |    121 |   2454 |   1685 |   5 | 1045.4 |
               +--------+--------+--------+--------+--------+-----+--------+

Top non-repeatable levels by time:
     D:3: 1628 daAuts
     D:2: 1231 daAuts
     D:4: 920 daAuts
     D:1: 893 daAuts
     D:6: 553 daAuts
